 Dungeon Crawl Stone Soup version 0.24.1 (webtiles) character file.

Game seed: 11203798929506629869, levelgen mode: deterministic

676832 1994 the Conqueror (level 27, 116/298 HPs)
             Began as a Naga Berserker on Mar 27, 2020.
             Was the Champion of Trog.
             Quit the game on level 5 of the Realm of Zot on Mar 28, 2020.
             The game lasted 04:20:16 (75750 turns).

1994 the Conqueror (Naga Berserker)                Turns: 75750, Time: 04:20:16

Health: 116/298    AC: 46    Str: 36    XL:     27
Magic:  13/18      EV:  2    Int: 10    God:    Trog [******]
Gold:   6104       SH:  0    Dex: 10    Spells: 26/26 levels left

rFire    + + +     SeeInvis +   b - +3 war axe of the Desolation of Salt {vamp, Str+4}
rCold    . . .     Gourm    .   x - +0 large shield
rNeg     . . .     Faith    .   j - +1 gold dragon scales
rPois    +         Spirit   .   (no helmet)
rElec    +         Reflect  .   Q - +2 cloak
rCorr    .         Harm     .   p - +2 pair of gloves {archery}
MR       +++..     Rnd*Rage +   h - +6 lightning scales {run, rElec}
Stlth    ..........             C - amulet of the Saviour {RegenMP +Inv rPois rF+ Str+3}
HPRegen  0.00/turn              k - ring of fire
MPRegen  0.41/turn              N - +4 ring of protection

@: corroded, vertigo, held, slow
A: large, see invisible, berserk 1, clumsy 1, deformed body, low mp 2, poison
resistance, screaming 1, slowness 2, inhibited regeneration, slow metabolism 1,
spit poison 1, constrict 1, AC +9
}: 3/15 runes: decaying, silver, gossamer
a: Spit Poison, Berserk, Trog's Hand, Brothers in Arms, Renounce Religion, Evoke
Invisibility


You were on level 5 of the Realm of Zot.
You worshipped Trog.
Trog was exalted by your worship.
You were hungry.

You visited 11 branches of the dungeon, and saw 53 of its levels.
You visited the Abyss 1 time.

You collected 7694 gold pieces.
You spent 1590 gold pieces at shops.

Inventory:

Hand Weapons
 a - a +9 antimagic broad axe
 b - the +3 war axe of the Desolation of Salt (weapon) {vamp, Str+4}
   (You found it on level 2 of the Elven Halls)

   It inflicts no extra harm, but heals its wielder when it wounds a living foe.
   It affects your strength (+4).
 w - a +3 broad axe of freezing
Missiles
 s - 50 javelins
 z - 63 boomerangs
 B - 94 atropa-tipped darts
 G - 24 curare-tipped darts
 O - a throwing net
 V - 27 silver javelins (quivered)
Armour
 h - the +6 lightning scales (worn) {run, rElec}
   (You acquired it on level 4 of the Spider Nest)

   It insulates you from electricity.
 j - +1 gold dragon scales (worn)
 p - a +2 pair of gloves of archery (worn)
 x - a +0 large shield (worn)
 Q - a +2 cloak (worn)
Jewellery
 k - a ring of fire (left hand)
 n - an uncursed ring of positive energy
 t - an uncursed ring of resist corrosion
 C - the amulet of the Saviour (around neck) {RegenMP +Inv rPois rF+ Str+3}
   (You found it on level 3 of the Lair of Beasts)

   [amulet of magic regeneration]

   It increases your magic regeneration.
   It affects your strength (+3).
   It protects you from fire.
   It protects you from poison.
   It lets you turn invisible.
 N - a +4 ring of protection (right hand)
 Z - an uncursed ring of protection from magic
Wands
 A - a wand of paralysis (45)
 I - a wand of iceblast (58)
 K - a wand of acid (10)
 P - a wand of clouds (7)
 T - a wand of enslavement (29)
 U - a wand of digging (23)
Scrolls
 d - 34 scrolls of remove curse
 o - 3 scrolls of blinking
 q - 4 scrolls of summoning
 r - 3 scrolls of enchant weapon
 v - 11 scrolls of immolation
 D - 10 scrolls of fear
 E - 18 scrolls of teleportation
 F - 6 scrolls of fog
 H - 20 scrolls of identify
 L - 6 scrolls of magic mapping
Potions
 f - 10 potions of lignification
 i - 15 potions of curing
 l - 5 potions of magic
 m - 11 potions of agility
 J - 10 potions of flight
 M - 3 potions of cancellation
 R - 2 potions of invisibility
 S - 8 potions of might
 W - 6 potions of haste
 X - 7 potions of ambrosia
 Y - 2 potions of brilliance
Miscellaneous
 e - 2 boxes of beasts
 u - 2 sacks of spiders
 y - a phial of floods
Comestibles
 c - 99 rations


   Skills:
 O Level 27 Fighting
 * Level 18.8 Axes
 - Level 16.0 Throwing
 * Level 18.2 Armour
 * Level 15.8 Dodging
 - Level 18.7 Stealth
 - Level 15.0 Shields


You had 26 spell levels left.
You didn't know any spells.
Your spell library contained the following spells:

 Spells                   Type           Power        Failure   Level  Hunger
 Animate Skeleton         Necr           N/A          99%         1    ##.....
 Apportation              Tloc           #.....       99%         1    ##.....
 Beastly Appendage        Tmut           #.....       99%         1    ##.....
 Confusing Touch          Hex            #.....       99%         1    ##.....
 Corona                   Hex            #......      99%         1    ##.....
 Flame Tongue             Conj/Fire      #....        99%         1    ##.....
 Freeze                   Ice            #...         99%         1    ##.....
 Magic Dart               Conj           #...         99%         1    ##.....
 Pain                     Necr           #...         99%         1    ##.....
 Sandblast                Erth           #.....       99%         1    ##.....
 Shock                    Conj/Air       #...         99%         1    ##.....
 Summon Butterflies       Summ           #.......     99%         1    ##.....
 Blink                    Tloc           N/A          99%         2    ###....
 Call Imp                 Summ           #.......     99%         2    ###....
 Corpse Rot               Necr           N/A          99%         2    ###....
 Ensorcelled Hibernation  Hex/Ice        #.....       99%         2    ###....
 Passwall                 Tmut/Erth      #.......     99%         2    ###....
 Shroud of Golubria       Chrm/Tloc      #.....       99%         2    ###....
 Slow                     Hex            #.......     99%         2    ###....
 Sticks to Snakes         Tmut           #.......     99%         2    ###....
 Sublimation of Blood     Necr           #.........   99%         2    ###....
 Swiftness                Chrm/Air       #.......     99%         2    ###....
 Throw Flame              Conj/Fire      #.....       99%         2    ###....
 Confuse                  Hex            #.......     100%        3    ####...
 Conjure Flame            Conj/Fire      #.......     100%        3    ####...
 Dazzling Spray           Conj/Hex       #.....       100%        3    ####...
 Gell's Gravitas          Tloc           #.........   100%        3    ####...
 Ignite Poison            Fire/Tmut/Pois #.......     100%        3    ####...
 Inner Flame              Hex/Fire       #.......     100%        3    ####...
 Lesser Beckoning         Tloc           #.........   100%        3    ####...
 Mephitic Cloud           Conj/Pois/Air  #.......     100%        3    ####...
 Ozocubu's Armour         Chrm/Ice       #.......     100%        3    ####...
 Portal Projectile        Hex/Tloc       #.....       100%        3    ####...
 Recall                   Summ/Tloc      N/A          100%        3    ####...
 Regeneration             Chrm/Necr      #.........   100%        3    ####...
 Spider Form              Tmut/Pois      #.........   100%        3    ####...
 Static Discharge         Conj/Air       #.......     100%        3    ####...
 Stone Arrow              Conj/Erth      #.....       100%        3    ####...
 Teleport Other           Tloc           #.......     100%        3    ####...
 Tukima's Dance           Hex            #.......     100%        3    ####...
 Vampiric Draining        Necr           #.........   100%        3    ####...
 Airstrike                Air            #.........   100%        4    #####..
 Animate Dead             Necr           N/A          100%        4    #####..
 Cause Fear               Hex            #.........   100%        4    #####..
 Force Lance              Conj/Tloc      #.......     100%        4    #####..
 Ice Form                 Ice/Tmut       #.......     100%        4    #####..
 Leda's Liquefaction      Hex/Erth       #.........   100%        4    #####..
 Olgreb's Toxic Radiance  Pois           #.......     100%        4    #####..
 Passage of Golubria      Tloc           N/A          100%        4    #####..
 Petrify                  Tmut/Erth      #.......     100%        4    #####..
 Sticky Flame             Conj/Fire      #.......     100%        4    #####..
 Summon Ice Beast         Ice/Summ       #.......     100%        4    #####..
 Throw Icicle             Conj/Ice       #.......     100%        4    #####..
 Agony                    Necr           #.......     100%        5    ######.
 Alistair's Intoxication  Tmut/Pois      #.......     100%        5    ######.
 Aura of Abjuration       Summ           #.........   100%        5    ######.
 Blade Hands              Tmut           #.........   100%        5    ######.
 Bolt of Draining         Conj/Necr      #.........   100%        5    ######.
 Bolt of Magma            Conj/Fire/Erth #.........   100%        5    ######.
 Dispel Undead            Necr           #.......     100%        5    ######.
 Excruciating Wounds      Chrm/Necr      #.........   100%        5    ######.
 Fireball                 Conj/Fire      #.........   100%        5    ######.
 Irradiate                Conj/Tmut      #.........   100%        5    ######.
 Iskenderun's Battlesphe  Conj/Chrm      #.......     100%        5    ######.
 Lee's Rapid Deconstruct  Erth           #.........   100%        5    ######.
 Lightning Bolt           Conj/Air       #.........   100%        5    ######.
 Metabolic Englaciation   Hex/Ice        #.........   100%        5    ######.
 Silence                  Hex/Air        #.........   100%        5    ######.
 Summon Demon             Summ           #.........   100%        5    ######.
 Summon Forest            Summ/Tloc      #.........   100%        5    ######.
 Summon Mana Viper        Hex/Summ       #.......     100%        5    ######.
 Venom Bolt               Conj/Pois      #.........   100%        5    ######.
 Yara's Violent Unravell  Hex/Tmut       #.........   100%        5    ######.
 Bolt of Cold             Conj/Ice       #.........   100%        6    #######
 Bolt of Fire             Conj/Fire      #.........   100%        6    #######
 Darkness                 Hex            #.........   100%        6    #######
 Deflect Missiles         Chrm/Air       #.........   100%        6    #######
 Dispersal                Tloc           #.........   100%        6    #######
 Freezing Cloud           Conj/Ice/Air   #.........   100%        6    #######
 Invisibility             Hex            #.......     100%        6    #######
 Iron Shot                Conj/Erth      #.........   100%        6    #######
 Shadow Creatures         Summ           N/A          100%        6    #######
 Statue Form              Tmut/Erth      #........    100%        6    #######
 Dragon Form              Tmut           #.........   100%        7    #######
 Haunt                    Necr/Summ      #.........   100%        7    #######
 Borgnjor's Revivificati  Necr           #.........   100%        8    #######
 Controlled Blink         Tloc           N/A          100%        8    #######
 Death's Door             Chrm/Necr      #.........   100%        8    #######
 Discord                  Hex            #.........   100%        8    #######
 Disjunction              Tloc           #.........   100%        8    #######
 Ignition                 Fire           #.........   100%        8    #######
 Infestation              Necr           #.........   100%        8    #######
 Necromutation            Tmut/Necr      #.........   100%        8    #######
 Shatter                  Erth           #.........   100%        9    #######


Dungeon Overview and Level Annotations

Branches:
Dungeon (15/15)            Temple (1/1) D:6            Lair (6/6) D:11
  Swamp (4/4) Lair:3       Spider (4/4) Lair:4        Slime (0/5) Lair:5
    Orc (2/2) D:11            Elf (3/3) Orc:2        Vaults (5/5) D:13
  Crypt (3/3) Vaults:2       Tomb (0/3) Crypt:3      Depths (5/5) D:15
    Zot (5/5) Depths:5

Altars:
Ashenzari
Cheibriados
Dithmenos
Elyvilon
Fedhas
Gozag
Hepliaklqana
Kikubaaqudgha
Makhleb
Nemelex Xobeh
Okawaru
Qazlal
Ru
Sif Muna
Trog
Uskayaw
Vehumet
Wu Jian
Xom
Yredelemnul
Zin
The Shining One
Beogh

Shops:
D:8 (=[%   D:15 [   Orc:2 =(*%(   Elf:1 (   Elf:2 :   Elf:3 }}=   Vaults:5 :

Portals:
Hell: Depths:1 Depths:2 Depths:3 Depths:4 Depths:5
Abyss: Depths:4
Pandemonium: Depths:3
Ziggurat: Depths:1

Annotations:
Zot:5 1 exclusion, Tiamat


Innate Abilities, Weirdness & Mutations

You cannot wear boots.
Your serpentine skin is tough. (AC +9)
You have supernaturally acute eyesight. (SInv)
Armour fits poorly on your strangely shaped body.
Your system is resistant to poisons. (rPois)
You cover ground very slowly.
You have a slow metabolism.
You can spit poison.
You can use your snake-like lower body to constrict enemies.
You tend to lose your temper in combat.
You are clumsy. (Dex -2)
Your magical capacity is very low. (-20% MP)
You occasionally shout uncontrollably at your foes.
You do not regenerate when monsters are visible.


Message History

A white draconian comes into view. It is wielding a +0 mace.
The white draconian roars!
You hear a roar!
A black draconian comes into view. It is wielding a -3 long sword.
The Orb Guardian completely misses you.
A red draconian comes into view. It is wielding a +0 halberd.
The Orb Guardian drops a net on you. A large net falls onto you!
You become entangled in the net!
An Orb Guardian comes into view.
A purple draconian monk comes into view.
A green draconian stormcaller comes into view.
It is wielding a +2 rapier of electrocution.
The black draconian hits you but does no damage.
The ancient lich conjures a glowing orb.
Found a throwing net and 16 stones.
An Orb Guardian and an orb of destruction come into view.
Unknown command.
Quiver which item? (- for none, * to show all) (? for menu, Esc to quit)
Okay, then.
Unknown command.
Unknown command.
Are you sure you want to abandon this character and quit the game? (Confirm with "yes".)

.########▓▓▓▓##########******
........* ##^L........,,,,**
.......#* ##..*........,,,,,**
.......# ##.(....^.....,,,,,,**
......## #.............,,,,,,,*
......# #.............,,,,,,,*
......#* #.............,,,,,,,*
.......* #.............,,,,,,,*
...,,,,** #.....@.....q.,,,,,,,*
...,,,,,**#^.....Xq..d.q,,,,,,,*
###***,,,*##...d..d.....,,,,,,**
**,,,,##....q..X...,,,,,**
***,,.^.^.......d.,,,,**
**▓▓▓▓▓▓▓▓▓▓##^.,,8**
****,,,,,,,,,,.,,,,**
***,,,,,,,,,,,,,,,,,,,**
**,,,,,,,,,,,,,,,,,,,,,,**


You could see a purple draconian monk, a purple draconian knight, an ancient
lich, 2 draconians, a red draconian, a white draconian, a green draconian
stormcaller, 2 Orb Guardians and a green draconian scorcher.

Vanquished Creatures
  Khufu (Crypt:3)
  3 orbs of fire
  Mara (Depths:3)
  5 ancient liches
  The ghost of Ezaw the Slayer, a veteran CeHu of Okawaru (Zot:4)
  A juggernaut (Depths:5)
  A greater mummy (Crypt:3)
  Sojobo (Depths:1)
  The ghost of Bodedinu the Gnoll Aeon, a master GnFi of Cheibriados (Zot:4)
  The ghost of Bodedinu the Gnoll Aeon, a master GnFi of Cheibriados (Zot:4)
  Boris (Crypt:3)
  A Killer Klown (Zot:5)
  A caustic shrike (Depths:2)
  Saint Roka (Elf:3)
  A curse toe (Crypt:3)
  Nikola (Swamp:2)
  10 golden dragons
  2 bone dragons
  the Enchantress (Depths:3)
  4 liches
  Arachne (Spider:3)
  Rupert (Lair:5)
  2 electric golems
  11 Orb Guardians (Zot:5)
  13 tentacled monstrosities
  6 quicksilver dragons
  3 deep elf blademasters
  2 deep elf master archers (Elf:3)
  8 titans
  5 sphinxes
  15 shadow dragons
  6 death cobs
  4 thorn hunters
  Kirke (Lair:5)
  An eldritch tentacle (Depths:2)
  5 ancient champions
  8 tengu reavers
  Donald (Spider:1)
  Roxanne (Spider:3)
  14 storm dragons
  3 revenants
  2 azure jellies (Depths:2)
  5 draconian monks
  4 fire giants
  An orc warlord (Elf:3)
  8 draconian scorchers
  16 frost giants
  3 deep elf sorcerers
  7 ghost moths
  6 draconian knights
  6 iron dragons
  6 emperor scorpions
  19 vault wardens
  A balrug (Zot:2)
  4 draconian stormcallers
  4 draconian annihilators
  A cacodemon (Depths:3)
  13 ironheart preservers
  3 curse skulls
  A caustic shrike zombie (Depths:4)
  4 draconian shifters
  5 deep elf elementalists (Elf:3)
  28 very ugly things
  3 spriggan defenders (Depths:3)
  2 ghouls
  3 entropy weavers
  8 green draconians
  3 war gargoyles
  26 stone giants
  A juggernaut skeleton (Crypt:2)
  An entropy weaver (shapeshifter) (Vaults:5)
  9 black draconians
  8 vampire knights
  7 yellow draconians
  10 red draconians
  The ghost of Curus the Grappler, a journeyman TrMo (Lair:3)
  8 deep elf demonologists
  Azrael (D:15)
  9 purple draconians
  10 spark wasps
  2 red draconians (shapeshifter) (Zot:2)
  14 white draconians
  10 deep elf annihilators
  12 ettins
  3 merfolk impalers
  A blizzard demon (Abyss:3)
  2 crystal guardians
  A merfolk javelineer (Depths:1)
  2 eidola
  10 jiangshi
  4 deep elf high priests
  11 deep elf death magi
  9 great orbs of eyes
  19 fire dragons
  8 rakshasas
  22 yaktaur captains
  20 hydras
  12 ice dragons
  A monstrous demonspawn (Depths:3)
  28 vault guards
  The ghost of hitsuchi the Grappler, a journeyman DrTm of Makhleb (D:11)
  6 death knights
  3 spriggan air magi
  40 two-headed ogres
  2 ghost crabs (Swamp:1)
  22 dancing weapons
  An anaconda (shapeshifter) (Vaults:5)
  18 alligators
  A catoblepas (Depths:2)
  9 centaur warriors
  15 ogre magi
  3 tengu warriors
  13 deep troll earth magi
  3 death yaks (Lair:6)
  14 deep troll shamans
  5 vampire magi
  8 death scarabs (Spider:4)
  A thrashing horror (Abyss:3)
  Urug (Lair:1)
  6 orc high priests
  3 spriggan berserkers
  Sonja (Lair:5)
  15 skeletal warriors
  26 deep elf knights
  A wretched star (Abyss:3)
  Nergalle (Orc:1)
  A fire crab (Depths:2)
  16 hell knights
  An iron troll (Depths:4)
  A sea snake (Depths:2)
  38 deep trolls
  3 shadow wraiths
  A death drake (Depths:2)
  A gelid demonspawn (Depths:3)
  A golden dragon zombie (Depths:4)
  6 flayed ghosts
  4 glowing orange brains
  7 wizards
  3 unseen horrors
  2 spriggan druids (Swamp:4)
  An orange crystal statue (Elf:3)
  20 deep elf archers
  21 ironbrand convokers
  15 swamp dragons
  10 phantasmal warriors
  3 wolf spider zombies
  3 spectral wolf spiders (Spider:4)
  3 lindwurms
  A mana viper (Depths:2)
  2 golden dragon skeletons
  14 orc knights
  76 deep elf magi
  An orb spider (shapeshifter) (D:15)
  8 necromancers
  22 ugly things
  2 manticores
  6 orc sorcerers
  31 moths of wrath
  13 orb spiders
  5 cyclopes
  A cyclops (shapeshifter) (Depths:2)
  7 oklob plants
  25 elephants (Lair:6)
  A worldbinder (Abyss:3)
  2 frost giant zombies
  39 wolf spiders
  2 sphinx skeletons
  Joseph (Lair:1)
  A guardian serpent (Zot:2)
  2 molten gargoyles (Depths:2)
  3 ice statues
  3 naga magi
  4 black mambas
  20 vault sentinels
  4 gargoyles
  A black mamba (shapeshifter) (Vaults:3)
  An eye of devastation (Abyss:3)
  4 torpor snails
  A spiny frog (shapeshifter) (Vaults:4)
  4 rime drakes
  Psyche (D:12)
  15 spiny frogs
  An elf zombie (Depths:4)
  2 spectral redbacks (Spider:4)
  53 yaktaurs
  11 freezing wraiths
  An ancient zyme (Abyss:3)
  An efreet (D:15)
  4 redback zombies
  19 demonic crawlers
  A grey draconian zombie (Crypt:2)
  An anaconda simulacrum (Depths:2)
  A death yak skeleton (Crypt:2)
  4 tengu conjurers
  7 komodo dragons
  A red devil (Depths:3)
  A black draconian skeleton (Crypt:1)
  A troll (shapeshifter) (Vaults:2)
  A guardian mummy (Crypt:3)
  4 harpy zombies
  6 meliai
  7 trolls
  5 spectral jumping spiders (Spider:4)
  21 hornets
  45 jumping spiders
  A merfolk (shapeshifter) (Vaults:1)
  8 tyrant leeches
  3 tarantella zombies (Spider:4)
  An ettin zombie (Vaults:5)
  4 spectral tarantellas (Spider:4)
  9 hippogriffs
  2 hippogriffs (shapeshifter)
  4 raiju (Zot:2)
  9 bog bodies
  17 blink frogs
  42 slime creatures
  2 dream sheep (D:8)
  A jumping spider zombie (Spider:4)
  2 frost giant simulacra
  9 large abominations
  A stone giant simulacrum (Vaults:3)
  A black mamba zombie (Crypt:3)
  40 tarantellas
  Sigmund (D:3)
  76 redbacks
  7 flying skulls
  4 air elementals
  10 water elementals
  15 wraiths
  7 shadows
  9 spriggans
  5 wyverns
  67 yaks
  7 basilisks
  A black mamba skeleton (Crypt:3)
  10 fire elementals
  A human (shapeshifter) (Depths:1)
  A yak (shapeshifter) (Vaults:5)
  A vampire (D:12)
  8 hogs
  4 hungry ghosts
  A golden eye (shapeshifter) (D:13)
  A basilisk (shapeshifter) (Depths:1)
  A steam dragon (D:10)
  20 vampire mosquitoes
  6 wargs
  A chaos spawn (Abyss:3)
  A harpy simulacrum (Depths:2)
  2 spatial vortices (Depths:2)
  A glowing shapeshifter zombie (Crypt:1)
  24 swamp worms
  4 acid dragons
  A water moccasin (shapeshifter) (Vaults:3)
  27 insubstantial wisps
  12 water moccasins
  A soldier ant (shapeshifter) (Vaults:5)
  10 porcupines
  An infernal demonspawn skeleton (Crypt:1)
  Duvessa (D:5)
  A floating eye (Depths:5)
  A soldier ant (D:15)
  2 hell hounds (D:15)
  2 sky beasts
  32 orc warriors
  3 ice beasts
  An eye of draining (shapeshifter) (Vaults:2)
  A meliai simulacrum (D:15)
  A fire dragon simulacrum (Depths:2)
  4 phantoms
  11 swamp drakes
  2 black bears (Lair:6)
  A spiny frog skeleton (Crypt:2)
  38 ogres
  2 eyes of draining (D:15)
  A snapping turtle zombie (Crypt:3)
  10 boggarts
  3 black mamba simulacra (Depths:2)
  10 centaurs
  12 wolves
  14 crocodiles
  15 bullfrogs
  2 wyvern zombies
  6 big kobolds
  A bullfrog (shapeshifter) (Vaults:2)
  4 earth elementals
  A hippogriff skeleton (Crypt:2)
  A draconian skeleton (Crypt:3)
  Dowan (D:5)
  A wyvern skeleton (D:6)
  5 scorpions
  A shapeshifter zombie (Crypt:2)
  13 wights
  2 howler monkeys
  A raiju skeleton (Crypt:1)
  4 electric eels
  A vampire bat (Depths:2)
  9 crimson imps
  4 centaur zombies
  A human simulacrum (Vaults:2)
  A lava snake (Depths:2)
  9 hounds
  39 orc priests
  A gnoll shaman (D:6)
  4 jellies (D:12)
  34 orc wizards
  A soldier ant zombie (Crypt:1)
  6 centaur skeletons
  Jessica (D:3)
  5 iguanas
  3 bullfrog skeletons
  7 worker ants
  2 troll simulacra (Depths:2)
  A killer bee zombie (D:9)
  A tengu zombie (Crypt:2)
  A hound zombie (Crypt:3)
  A felid skeleton (Crypt:1)
  A hound skeleton (Crypt:2)
  14 mummies (Crypt:3)
  A worker ant zombie (D:6)
  Robin (D:3)
  4 gnolls (D:7)
  12 adders
  3 shadow imps
  A white imp (Depths:2)
  An adder skeleton (D:6)
  An adder zombie (Crypt:2)
  A worm (D:2)
  A dart slug (D:3)
  6 leopard geckos
  120 orcs
  A ball python (D:4)
  6 bats
  A giant cockroach (D:1)
  11 goblins
  10 hobgoblins
  14 jackals
  19 kobolds
  A quokka (D:2)
  4 frilled lizards
  9 rats
  10 fungi
  A plant (Lair:6)
2600 creatures vanquished.

Vanquished Creatures (collateral kills)
  An orb of fire (Zot:2)
  Bai Suzhen (Swamp:4)
  3 bone dragons (Abyss:3)
  Gastronok (Lair:3)
  An emperor scorpion (Spider:3)
  A dire elephant (Lair:6)
  A crystal guardian (Zot:2)
  A deep elf death mage (Zot:2)
  2 hydras
  A catoblepas (Lair:6)
  A centaur warrior (D:13)
  A death knight (D:13)
  6 death yaks (Lair:6)
  A sixfirhy (Abyss:3)
  An orc knight (Orc:2)
  A phantasmal warrior (D:13)
  A swamp dragon (Swamp:4)
  3 wolf spiders (Spider:3)
  2 orc sorcerers (Orc:2)
  2 ugly things (Zot:2)
  A worldbinder (Abyss:3)
  An elephant (Lair:6)
  An apocalypse crab (Zot:2)
  A spiny frog (Lair:3)
  4 freezing wraiths
  A hippogriff (Lair:3)
  6 blink frogs
  5 yaks (Lair:6)
  A redback (Spider:3)
  A large abomination (Abyss:3)
  3 water moccasins
  A necrophage (D:13)
  2 swamp drakes (Swamp:4)
  A wolf (Lair:6)
  2 crocodiles
  2 bullfrogs
  A scorpion (D:13)
  A crimson imp (D:13)
  A hound (D:13)
  A fungus (Lair:6)
69 creatures vanquished.

Vanquished Creatures (others)
  A lich (Depths:4)
  A draconian knight (Zot:1)
  A draconian scorcher (Zot:1)
  2 hydras
  A dancing weapon (Elf:1)
  A spriggan berserker (Swamp:4)
  2 swamp dragons (Swamp:4)
  A necromancer (Vaults:5)
  A harpy zombie (Zot:2)
  An insubstantial wisp (Swamp:1)
  2 ogres
  A boggart (Zot:2)
  A quasit (Abyss:3)
  2 briar patches (Swamp:3)
  16 fungi
  15 plants
  2 withered plants (Zot:4)
51 creatures vanquished.

Grand Total: 2720 creatures vanquished

Notes
Turn   | Place    | Note
-------+----------+-------------------------------------------
     0 | D:1      | 1994 the Naga Berserker began the quest for the Orb.
     0 | D:1      | Reached XP level 1. HP: 21/21 MP: 1/1
   117 | D:1      | Reached skill level 1 in Stealth
   117 | D:1      | Reached XP level 2. HP: 28/28 MP: 2/2
   505 | D:1      | Reached XP level 3. HP: 33/34 MP: 3/3
  1049 | D:2      | Reached ** piety under Trog
  1466 | D:2      | Reached XP level 4. HP: 35/42 MP: 4/4
  1771 | D:3      | Noticed Robin
  1904 | D:3      | Killed Robin
  1904 | D:3      | Reached skill level 1 in Shields
  2364 | D:3      | Reached XP level 5. HP: 50/50 MP: 5/5
  2453 | D:3      | Noticed Jessica
  2458 | D:3      | Killed Jessica
  2598 | D:3      | Reached *** piety under Trog
  2607 | D:3      | Noticed Sigmund
  2619 | D:3      | Killed Sigmund
  2619 | D:3      | Reached skill level 4 in Fighting
  2619 | D:3      | Reached XP level 6. HP: 48/57 MP: 6/6
  2964 | D:4      | Noticed a phantom
  3108 | D:3      | Reached skill level 5 in Axes
  3299 | D:4      | Killed a phantom
  3299 | D:4      | Reached XP level 7. HP: 37/64 MP: 7/7
  3916 | D:4      | Found a shattered altar of Ashenzari.
  3933 | D:4      | Found a radiant altar of Vehumet.
  4087 | D:5      | Entered Level 5 of the Dungeon
  4122 | D:5      | Reached skill level 5 in Stealth
  4437 | D:5      | Reached XP level 8. HP: 73/73 MP: 8/8
  4621 | D:5      | Noticed Duvessa
  4621 | D:5      | Noticed Dowan
  4633 | D:5      | Killed Duvessa
  4637 | D:5      | Killed Dowan
  4698 | D:5      | Reached skill level 5 in Fighting
  5655 | D:6      | Found a staircase to the Ecumenical Temple.
  5666 | Temple   | Entered the Ecumenical Temple
  5962 | D:6      | Noticed a two-headed ogre
  6016 | D:6      | Found a stormy altar of Qazlal.
  6112 | D:6      | Found a sparkling altar of Nemelex Xobeh.
  6141 | D:6      | Found an opulent altar of Gozag.
  6388 | D:6      | Reached skill level 5 in Shields
  6388 | D:6      | Reached XP level 9. HP: 64/81 MP: 9/9
  6563 | D:6      | Found a shimmering blue altar of Sif Muna.
  6670 | D:6      | Killed a two-headed ogre
  6737 | D:7      | Reached skill level 6 in Fighting
  7095 | D:7      | Reached **** piety under Trog
  7543 | D:7      | Reached XP level 10. HP: 78/92 MP: 10/10
  8020 | D:8      | Found Buequge's Armour Emporium.
  8104 | D:8      | Found Fimot's Food Shop.
  8243 | D:8      | Found Diywu Cia's Antique Weapon Shop.
  8738 | D:8      | Noticed a three-headed hydra
  8746 | D:8      | Killed a one-headed hydra
  8746 | D:8      | Reached skill level 7 in Fighting
  8850 | D:8      | Found Pan Qatu's Jewellery Shoppe.
  8936 | D:9      | Noticed a two-headed ogre
  9377 | D:9      | Reached skill level 10 in Stealth
  9440 | D:9      | Reached ***** piety under Trog
  9491 | D:9      | Noticed an ice statue
  9585 | D:9      | Reached skill level 10 in Axes
  9589 | D:9      | Reached XP level 11. HP: 40/100 MP: 11/11
  9847 | D:9      | You fall into a shaft and drop 3 floors!
  9949 | D:11     | Found a staircase to the Lair.
 10280 | D:10     | Entered Level 10 of the Dungeon
 10828 | D:9      | Killed a two-headed ogre
 11411 | D:10     | Found a roughly hewn altar of Beogh.
 11416 | D:10     | Noticed a two-headed ogre
 11604 | D:10     | Reached skill level 8 in Fighting
 11790 | D:10     | Killed a two-headed ogre
 12698 | D:9      | Identified the Compendium of Earthen Cold
 12845 | D:11     | Found a runed translucent gate.
 13041 | D:11     | Found a runed translucent gate.
 13070 | D:11     | Found a runed translucent gate.
 13070 | D:11     | Noticed a centaur warrior
 13071 | D:11     | Noticed hitsuchi's ghost (journeyman DrTm)
 13072 | D:11     | Noticed a fire dragon
 13083 | D:11     | Reached skill level 1 in Throwing
 13098 | D:11     | Found a staircase to the Orcish Mines.
 13186 | D:11     | Received a gift from Trog
 13186 | D:11     | Reached XP level 12. HP: 95/112 MP: 12/12
 13434 | D:11     | Found a white marble altar of Elyvilon.
 13948 | Lair:1   | Entered Level 1 of the Lair of Beasts
 14116 | Lair:1   | You fall into a shaft and drop 1 floor!
 14897 | Lair:1   | Noticed a seven-headed hydra
 14913 | Lair:1   | Killed a one-headed hydra
 15135 | Lair:1   | Reached skill level 9 in Fighting
 15391 | Lair:1   | Noticed Urug
 15442 | Lair:1   | Killed Urug
 15661 | Lair:1   | Noticed Joseph
 15681 | Lair:1   | Killed Joseph
 15681 | Lair:1   | Received a gift from Trog
 16664 | Lair:2   | Gained mutation: You can use your snake-like lower body to
                  | constrict enemies. [Naga growth]
 16664 | Lair:2   | Reached XP level 13. HP: 113/121 MP: 13/13
 16982 | Lair:3   | Found a staircase to the Swamp.
 17073 | Lair:3   | Noticed Gastronok
 17089 | Lair:3   | Killed Gastronok
 17089 | Lair:3   | Reached skill level 5 in Armour
 17203 | Lair:3   | Found a runed translucent door.
 17204 | Lair:3   | Found a shimmering altar of Xom.
 17204 | Lair:3   | Noticed Curus's ghost (journeyman TrMo)
 17333 | Lair:3   | Got a faintly glowing copper amulet
 17334 | Lair:3   | Identified the amulet of the Saviour {RegenMP +Inv rPois
                  | rF+ Str+3} (You found it on level 3 of the Lair of Beasts)
 18055 | Lair:4   | Found a hole to the Spider Nest.
 18693 | Lair:5   | Noticed Sonja
 18695 | Lair:5   | Killed Sonja
 18747 | Lair:5   | Noticed Rupert
 18775 | Lair:5   | Killed Rupert
 18825 | Lair:5   | Noticed Kirke
 18958 | Lair:5   | Killed Kirke
 19129 | Lair:5   | Reached skill level 10 in Fighting
 19307 | Lair:5   | Reached skill level 5 in Throwing
 19633 | Lair:5   | Found a staircase to the Slime Pits.
 19782 | Lair:6   | Entered Level 6 of the Lair of Beasts
 19846 | Lair:6   | Reached XP level 14. HP: 97/132 MP: 14/14
 19860 | Lair:6   | Reached skill level 5 in Dodging
 20410 | Lair:6   | Received a gift from Trog
 20491 | Lair:6   | Received a gift from Trog
 20794 | Lair:6   | Noticed a dire elephant
 20806 | Lair:6   | Killed a dire elephant
 21782 | Lair:3   | Killed Curus's ghost
 21782 | Lair:3   | Reached skill level 11 in Fighting
 21894 | Lair:1   | Reached XP level 15. HP: 118/141 MP: 5/15
 21896 | Lair:1   | Received a gift from Trog
 22147 | D:11     | Killed hitsuchi's ghost
 22230 | D:12     | Reached skill level 15 in Axes
 22466 | D:12     | Noticed Psyche
 22475 | D:12     | Killed Psyche
 22521 | D:12     | Identified the ring of Disaster {Fire Dex+3} (You found it
                  | on level 12 of the Dungeon)
 23489 | D:13     | Received a gift from Trog
 23628 | D:13     | Identified the +5 ring mail of Boredom {Regen+} (You found
                  | it on level 13 of the Dungeon)
 23783 | D:13     | Received a gift from Trog
 23801 | D:13     | HP: 7/142 [centaur warrior/arrow (23)]
 24520 | D:13     | Identified the +1 pair of gloves of the Beginning {MP+9
                  | Int+4} (You found it on level 13 of the Dungeon)
 24643 | D:13     | Found a gate to the Vaults.
 25641 | D:15     | Entered Level 15 of the Dungeon
 25743 | D:15     | Noticed Azrael
 25756 | D:15     | Killed Azrael
 25826 | D:15     | Received a gift from Trog
 25918 | D:15     | Found a staircase to the Depths.
 25992 | D:15     | Received a gift from Trog
 26060 | D:15     | Reached XP level 16. HP: 152/152 MP: 5/16
 26130 | D:15     | Reached skill level 12 in Fighting
 26540 | D:15     | Found Inao's Armour Shop.
 26689 | Orc:1    | Entered Level 1 of the Orcish Mines
 27036 | Orc:1    | Found a bloodstained altar of Trog.
 27096 | Orc:1    | Found a roughly hewn altar of Beogh.
 27121 | Orc:1    | Received a gift from Trog
 27310 | Orc:2    | Entered Level 2 of the Orcish Mines
 27314 | Orc:2    | Found a staircase to the Elven Halls.
 27428 | Orc:2    | Found Naruvah's General Store.
 27761 | Orc:2    | Found Voinu's Antique Weapon Boutique.
 27993 | Orc:2    | Found Ycoubek's Food Shoppe.
 27999 | Orc:2    | Found Eqatue's Weapon Shoppe.
 28001 | Orc:2    | Found Ginuogua's Jewellery Boutique.
 28291 | Orc:1    | Noticed Nergalle
 28317 | Orc:1    | Reached skill level 15 in Stealth
 28337 | Orc:1    | Killed Nergalle
 28354 | Orc:1    | Found a bloodstained altar of Trog.
 28564 | Swamp:1  | Entered Level 1 of the Swamp
 28694 | Swamp:1  | Received a gift from Trog
 29931 | Swamp:2  | Reached ****** piety under Trog
 29970 | Swamp:2  | Received a gift from Trog
 30005 | Swamp:2  | Reached XP level 17. HP: 162/162 MP: 17/17
 30449 | Swamp:2  | Noticed Nikola
 30462 | Swamp:2  | Killed Nikola
 30462 | Swamp:2  | Reached skill level 13 in Fighting
 31580 | Swamp:3  | Reached skill level 10 in Throwing
 32001 | Swamp:4  | Entered Level 4 of the Swamp
 32018 | Swamp:4  | Received a gift from Trog
 32553 | Swamp:4  | Identified a scroll of acquirement
 32900 | Swamp:4  | Noticed Bai Suzhen
 32914 | Swamp:4  | Received a gift from Trog
 33342 | Swamp:4  | HP: 8/164 [Bai Suzhen] (16)]
 33346 | Swamp:4  | Killed Bai Suzhen
 33838 | Swamp:4  | Got a decaying rune of Zot
 33944 | Swamp:4  | Reached XP level 18. HP: 174/174 MP: 18/18
 34291 | D:8      | Bought the +9 plate armour of the Louse {-Cast rElec Str+3}
                  | for 1138 gold pieces
 34461 | Spider:1 | Entered Level 1 of the Spider Nest
 34513 | Spider:1 | Noticed Donald
 34538 | Spider:1 | Killed Donald
 36862 | Spider:2 | Reached skill level 14 in Fighting
 36921 | Spider:2 | Received a gift from Trog
 36926 | Spider:2 | Reached skill level 10 in Armour
 37589 | Spider:2 | Received a gift from Trog
 38123 | Spider:3 | Received a gift from Trog
 38129 | Spider:3 | Noticed Roxanne
 38398 | Spider:3 | Received a gift from Trog
 38460 | Spider:3 | Noticed Arachne
 38480 | Spider:3 | Killed Arachne
 38732 | Spider:3 | Received a gift from Trog
 39685 | Spider:3 | Reached XP level 19. HP: 183/183 MP: 6/19
 40241 | Spider:3 | Killed Roxanne
 40282 | Spider:4 | Entered Level 4 of the Spider Nest
 41043 | Spider:4 | Received a gift from Trog
 41211 | Spider:4 | Found the +6 lightning scales {run, rElec}
 42527 | Spider:4 | Reached skill level 15 in Fighting
 42926 | Spider:4 | Got a gossamer rune of Zot
 43470 | Orc:2    | Bought a scroll of blinking for 112 gold pieces
 43496 | Elf:1    | Entered Level 1 of the Elven Halls
 43593 | Elf:1    | Received a gift from Trog
 43958 | Elf:1    | Received a gift from Trog
 44089 | Elf:1    | Found Yfforekk's Weapon Shop.
 44528 | Elf:2    | Identified the +3 war axe of the Desolation of Salt {vamp,
                  | Str+4} (You found it on level 2 of the Elven Halls)
 44587 | Elf:2    | Received a gift from Trog
 44620 | Elf:2    | Found a runed translucent gate.
 44627 | Elf:2    | Found a runed translucent gate.
 44627 | Elf:2    | Found a runed translucent gate.
 44715 | Elf:2    | Found Weps's One-of-a-Kind Books.
 44816 | Elf:2    | Reached XP level 20. HP: 191/196 MP: 20/20
 44826 | Elf:2    | Received a gift from Trog
 44996 | Elf:3    | Entered Level 3 of the Elven Halls
 45032 | Elf:3    | Reached skill level 16 in Fighting
 45171 | Elf:3    | Noticed Saint Roka
 45187 | Elf:3    | Killed Saint Roka
 45866 | Elf:3    | Found Xacescha's Jewellery Shop.
 45866 | Elf:3    | Found Xetanen's Gadget Shoppe.
 45867 | Elf:3    | Found Ufucloci's Gadget Shoppe.
 46303 | Elf:3    | Found Xacescha's Jewellery Shop.
 46303 | Elf:3    | Found Xetanen's Gadget Shoppe.
 46304 | Elf:3    | Found Ufucloci's Gadget Shoppe.
 46617 | Elf:3    | Noticed a Tzitzimitl
 46693 | Elf:3    | Received a gift from Trog
 46805 | Elf:3    | Reached skill level 17 in Fighting
 47570 | Elf:3    | Received a gift from Trog
 48080 | Elf:3    | Identified Ycsaoc's Almanac of the Glacier and Moulding
 48361 | Elf:2    | Received a gift from Trog
 49018 | Elf:2    | Cast into level 3 of the Abyss (+0 eveningstar of
                  | distortion)
 49019 | Abyss:3  | Found a corrupted altar of Lugonu.
 49034 | Abyss:3  | Noticed a bone dragon
 49061 | Abyss:3  | Killed a bone dragon
 49061 | Abyss:3  | Reached skill level 18 in Fighting
 49061 | Abyss:3  | Reached XP level 21. HP: 128/212 MP: 7/21
 49139 | Abyss:3  | Noticed a bone dragon
 49157 | Abyss:3  | Noticed a bone dragon
 49159 | Abyss:3  | Killed a bone dragon
 49172 | Abyss:3  | Killed a bone dragon
 49353 | Abyss:3  | Received a gift from Trog
 49367 | Elf:2    | Escaped the Abyss
 49715 | Elf:3    | Bought an uncursed ring of positive energy for 340 gold
                  | pieces
 49888 | Vaults:1 | Entered Level 1 of the Vaults
 50833 | Vaults:1 | Received a gift from Trog
 50841 | Vaults:1 | Identified the +8 morningstar of the Vine {elec, *Noise
                  | +Inv rElec Str+6} (Trog gifted it to you on level 1 of the
                  | Vaults)
 50909 | Vaults:1 | Reached skill level 19 in Fighting
 52363 | Vaults:2 | You fall into a shaft and drop 1 floor!
 52392 | Vaults:3 | Paralysed by a hornet for 3 turns
 52416 | Vaults:3 | Received a gift from Trog
 52524 | Vaults:3 | Received a gift from Trog
 52530 | Vaults:3 | Reached skill level 15 in Throwing
 52733 | Vaults:2 | Found a staircase to the Crypt.
 52803 | Vaults:2 | Reached XP level 22. HP: 211/228 MP: 7/22
 52903 | Vaults:2 | Reached skill level 20 in Fighting
 53731 | Vaults:3 | Identified the +5 plate armour of True Grit {rN+ Stlth+}
                  | (You found it on level 3 of the Vaults)
 53761 | Vaults:3 | Received a gift from Trog
 54744 | Vaults:3 | Received a gift from Trog
 55636 | Vaults:4 | Reached skill level 21 in Fighting
 55649 | Vaults:4 | Received a gift from Trog
 56110 | Vaults:4 | Reached XP level 23. HP: 210/240 MP: 7/23
 56117 | Vaults:4 | Received a gift from Trog
 56391 | Vaults:5 | Entered Level 5 of the Vaults
 56400 | Vaults:4 | Reached skill level 10 in Shields
 56551 | Vaults:5 | Noticed an ancient lich
 56567 | Vaults:5 | Received a gift from Trog
 56580 | Vaults:5 | Killed an ancient lich
 56630 | Vaults:4 | Received a gift from Trog
 56894 | Vaults:4 | Received a gift from Trog
 57114 | Vaults:5 | Reached skill level 22 in Fighting
 57121 | Vaults:4 | HP: 10/243 [titan (7)]
 57121 | Vaults:4 | HP: 4/243 [shadow dragon (6)]
 57450 | Vaults:4 | Reached XP level 24. HP: 252/252 MP: 23/23
 57637 | Vaults:5 | Received a gift from Trog
 57695 | Vaults:5 | Received a gift from Trog
 58201 | Vaults:5 | Identified the cursed +1 halberd "Venuw" {antimagic, Dex+3}
 58254 | Vaults:5 | Got a silver rune of Zot
 58366 | Vaults:5 | Identified Toce's Tome of the Traveller
 58568 | Vaults:5 | Identified the ring "Senioll" {rN+ Str-4 Dex+4 Slay+4
                  | Stlth+} (You found it on level 5 of the Vaults)
 58572 | Vaults:5 | Identified the cursed +0 plate armour of Ru's Hope {Dex+5}
                  | (You found it on level 5 of the Vaults)
 58680 | Vaults:5 | Found Arheguep's Book Shoppe.
 58772 | Vaults:5 | Identified the +11 hand axe "Kesiad" {venom, rPois} (You
                  | found it on level 5 of the Vaults)
 59487 | Depths:1 | Entered Level 1 of the Depths
 59518 | Depths:1 | Noticed Sojobo
 59551 | Depths:1 | Killed Sojobo
 60022 | Depths:1 | Found a gateway to a ziggurat.
 60056 | Depths:1 | Found a gateway to Hell.
 60093 | Depths:1 | Received a gift from Trog
 60112 | Depths:1 | Reached skill level 15 in Shields
 60509 | Depths:2 | Identified the Handbook of Destructive Malediction
 60619 | Depths:2 | Reached XP level 25. HP: 262/262 MP: 23/23
 60653 | Depths:2 | Reached skill level 23 in Fighting
 60695 | Depths:2 | Received a gift from Trog
 60862 | Depths:2 | Identified Guipim's Reference Book on the Rocks
 61122 | Depths:2 | Identified the Collected Works on Poisoning
 61219 | Depths:2 | Received a gift from Trog
 61315 | Depths:2 | Gained mutation: Potions are less effective at restoring
                  | your health. [a neqoxec]
 61403 | Depths:2 | Identified Vewnenoi's Compendium of the Frostbite
 61502 | Depths:2 | Identified Sif Muna's Tome of Fire
 61848 | Depths:2 | Identified Sif Muna's Guide on Shape Shifting
 62067 | Depths:2 | Lost mutation: Potions are less effective at restoring your
                  | health. [potion of mutation]
 62067 | Depths:2 | Gained mutation: You have a pair of small horns on your
                  | head. [potion of mutation]
 62067 | Depths:2 | Gained mutation: Your magical capacity is low. (-10% MP)
                  | [potion of mutation]
 62067 | Depths:2 | Gained mutation: You are partially covered in rugged brown
                  | scales. (AC +1, +3% HP) [potion of mutation]
 62109 | Depths:2 | Identified Teegyps's Grimoire of Translocation
 62153 | Depths:3 | Noticed the Enchantress
 62194 | Depths:3 | Killed the Enchantress
 62384 | Depths:3 | Found a one-way gate leading to the halls of Pandemonium.
 62571 | Depths:3 | Received a gift from Trog
 62768 | Depths:3 | Noticed Mara
 62772 | Depths:3 | Noticed 1994's illusion
 62783 | Depths:3 | Killed Mara
 62783 | Depths:3 | Reached skill level 24 in Fighting
 63067 | Depths:3 | Reached XP level 26. HP: 242/285 MP: 20/20
 63073 | Depths:3 | Received a gift from Trog
 64224 | Depths:4 | Received a gift from Trog
 64384 | Depths:4 | Received a gift from Trog
 64491 | Depths:4 | Found a one-way gate to the infinite horrors of the Abyss.
 64990 | Depths:5 | Entered Level 5 of the Depths
 65017 | Depths:5 | Received a gift from Trog
 65330 | Depths:5 | Received a gift from Trog
 65340 | Depths:5 | Reached skill level 10 in Dodging
 65342 | Depths:5 | Reached skill level 25 in Fighting
 65614 | Depths:5 | Noticed a juggernaut
 65631 | Depths:5 | Killed a juggernaut
 65840 | Depths:5 | Reached XP level 27. HP: 298/298 MP: 20/20
 66363 | Crypt:1  | Entered Level 1 of the Crypt
 66737 | Crypt:1  | Received a gift from Trog
 67263 | Crypt:2  | Received a gift from Trog
 67973 | Crypt:3  | Entered Level 3 of the Crypt
 67986 | Crypt:3  | Noticed Boris
 68004 | Crypt:3  | Killed Boris
 68610 | Crypt:3  | Received a gift from Trog
 68866 | Crypt:3  | Reached skill level 15 in Armour
 68879 | Crypt:3  | Noticed an ancient lich
 68879 | Crypt:3  | Noticed an ancient lich
 68927 | Crypt:3  | Killed an ancient lich
 68934 | Crypt:3  | Killed an ancient lich
 69176 | Crypt:3  | Identified the +12 hand axe of Sericauxt {chop, Str-5 Int+2
                  | Dex+4 SInv} (You found it on level 3 of the Crypt)
 69230 | Crypt:3  | Noticed a greater mummy
 69241 | Crypt:3  | Killed a greater mummy
 69242 | Crypt:3  | Found a staircase to the Tomb.
 69242 | Crypt:3  | Noticed Khufu
 69252 | Crypt:3  | Killed Khufu
 69912 | Depths:5 | Found a gate to the Realm of Zot.
 70032 | Zot:1    | Entered Level 1 of the Realm of Zot
 70066 | Zot:1    | Reached skill level 26 in Fighting
 70136 | Zot:1    | Received a gift from Trog
 70391 | Zot:1    | Noticed an orb of fire
 70413 | Zot:1    | Gained mutation: You occasionally shout uncontrollably at
                  | your foes. [an orb of fire]
 70416 | Zot:1    | Gained mutation: You are clumsy. (Dex -2) [an orb of fire]
 70418 | Zot:1    | Lost mutation: You are partially covered in rugged brown
                  | scales. (AC +1, +3% HP) [an orb of fire]
 70421 | Zot:1    | Gained mutation: You do not regenerate when monsters are
                  | visible. [an orb of fire]
 70442 | Zot:1    | Killed an orb of fire
 72043 | Zot:2    | Received a gift from Trog
 72087 | Zot:2    | Noticed an orb of fire
 72116 | Zot:2    | Killed an orb of fire
 72134 | Zot:2    | Received a gift from Trog
 72528 | Zot:2    | Found a white marble altar of Elyvilon.
 73179 | Zot:3    | Received a gift from Trog
 73552 | Zot:3    | Reached skill level 27 in Fighting
 74046 | Zot:4    | Received a gift from Trog
 74307 | Zot:4    | Found a runed translucent gate.
 74307 | Zot:4    | Found a runed translucent gate.
 74307 | Zot:4    | Found a runed translucent gate.
 74311 | Zot:4    | Noticed Ezaw's ghost (veteran CeHu)
 74311 | Zot:4    | Noticed Bodedinu's ghost (master GnFi)
 74311 | Zot:4    | Noticed Bodedinu's ghost (master GnFi)
 74326 | Zot:4    | Noticed an orb of fire
 74534 | Zot:4    | Killed Bodedinu's ghost
 74711 | Zot:4    | Killed Bodedinu's ghost
 74711 | Zot:4    | Received a gift from Trog
 74711 | Zot:4    | Reached skill level 15 in Dodging
 74745 | Zot:4    | Killed Ezaw's ghost
 74851 | Zot:5    | Entered Level 5 of the Realm of Zot
 75561 | Zot:5    | Noticed an ancient lich
 75586 | Zot:5    | Killed an ancient lich
 75586 | Zot:5    | Received a gift from Trog
 75655 | Zot:5    | Noticed an orb of fire
 75655 | Zot:5    | Noticed an orb of fire
 75661 | Zot:5    | Identified the +4 dragonskin cloak
 75661 | Zot:5    | Noticed Tiamat
 75680 | Zot:5    | Received a gift from Trog
 75688 | Zot:5    | Gained mutation: You tend to lose your temper in combat.
                  | [an orb of fire]
 75696 | Zot:5    | Killed an orb of fire
 75698 | Zot:5    | Gained mutation: Your magical capacity is very low. (-20%
                  | MP) [an orb of fire]
 75699 | Zot:5    | Noticed an ancient lich
 75711 | Zot:5    | Noticed an ancient lich
 75717 | Zot:5    | Lost mutation: You have a pair of small horns on your head.
                  | [an orb of fire]
 75718 | Zot:5    | Killed an orb of fire
 75719 | Zot:5    | Noticed an ancient lich
 75728 | Zot:5    | Killed an ancient lich
 75738 | Zot:5    | HP: 10/298 [white draconian/chilling blast (15)]
 75749 | Zot:5    | Noticed an ancient lich
 75750 | Zot:5    | Quit the game

Levels and vault maps discovered:
D:1:      ncdulo_lavacross, layout_loops_ring, minmay_pentomino_o2
D:2:      layout_loops_ring
D:3:      layout_loops_ring, minmay_misc_feat_alley, due_unseen_surprise,
          uniq_robin, uniq_sigmund, uniq_jessica
D:4:      layout_cave_pools, kennysheep_little_box, vehumet_altar_wand_db,
          first_ration, item_on_display_a
D:5:      layout_basic, uniq_duvessa
D:6:      layout_basic, led_sif_pool, overflow_temple_1_default,
          nicolae_gozag_seed_capital, minmay_temple_entry_wispy,
          nemelex_spade_bored_becter
D:7:      layout_loops_ring
D:8:      layout_basic, serial_shops, shop, nicolae_shop_crystal,
          nicolae_shop_waterfront, shop, hangedman_ranch
          [blue_anna_fruit_fields]
D:9:      layout_basic, minivault_15, dk_vineyard_3
D:10:     layout_roguey [special_room_orc], small_statue_alley_a
D:11:     layout_basic, erik_lair_orcish_takeover, orc_0_dummy,
          gammafunk_ghost_split, elyvilon_altar_3
D:12:     layout_irregular_city, uniq_psyche
D:13:     layout_irregular_city, david_vaults_4
D:14:     layout_gridville, kennysheep_cross_bottleneck, lightli_minifort
D:15:     grunt_enter_depths_magical_seal, layout_irregular_city,
          chequers_serial_rivers_small_a, serial_shops,
          nicolae_shop_temple_entry_statues_fountains, uniq_azrael
Temple:   minmay_temple_bridge_d
Lair:1:   layout_roguey, disabler_island, infiniplex_staircase_pool,
          minmay_lair_oklob_chamber, grunt_megastairs_5, uniq_joseph, uniq_urug
Lair:2:   layout_roguey
Lair:3:   layout_gridlike, swamp_mist_pool, ebering_ghost_xom,
          serial_bayou_shore_b, uniq_gastronok
Lair:4:   layout_loops_ring, nicolae_spider_entry_orb_guardian
Lair:5:   layout_gridlike, minmay_slime_entry_oklob_open, grunt_megastairs_4,
          serial_bayou_shore_b, uniq_rupert, uniq_kirke, uniq_sonja
Lair:6:   grunt_lair_end_beastmaster, layout_cave_pods
Swamp:1:  layout_basic_swamp, nicolae_swamp_treefoil, swamp_pool5
Swamp:2:  layout_basic_swamp, evilmike_swamp_ruin_house_4, uniq_nikola
Swamp:3:  layout_basic_swamp, hangedman_swamp_lotus, swamp_pool4
Swamp:4:  swamp_basic_johnstein, layout_basic_swamp, uniq_bai_suzhen
Spider:1: layout_spider_delve, uniq_donald
Spider:2: layout_spider_delve
Spider:3: layout_chambers, nicolae_arachne_temple, uniq_roxanne
Spider:4: floodkiller_spider_rune_tomb
Orc:1:    layout_caves, hangedman_feature_mirror, trog_book, uniq_nergalle
Orc:2:    st_orc_elflike, layout_caves, serial_shops, shop,
          nicolae_orc_pool_cavern
Elf:1:    minmay_elf_arrival_summoners, layout_onion_city, serial_shops, shop,
          minivault_28, st_stairs_11, lemuel_flamethrower_2
Elf:2:    layout_geoelf_diagonals, nicolae_rare_books
Elf:3:    elf_hall, layout_geoelf_diagonals, special_room [special_room_orc],
          minivault_16, minmay_shop_grove, uniq_saint_roka
Vaults:1: nicolae_vaults_arrows, nicolae_vaults_bisected_slash, v_pattern_2,
          hangedman_vaults_corner, hangedman_vaults_maws,
          hangedman_vaults_slice, grunt_vaults_hallway_short,
          layout_vaults_chaotic_city
Vaults:2: vaults_dpeg_ring, blue_anna_dwarven_crypt, vaults_room_door_hall,
          nicolae_vaults_border_crossing, vaults_room_corners,
          hangedman_vaults_stream, nicolae_vaults_diagonal_hallway_7,
          nicolae_vaults_network_s, ontoclasm_vaults_fault,
          grunt_vaults_hallway_long, grunt_vaults_funnel,
          layout_vaults_quadrants
Vaults:3: hangedman_vaults_variations, nicolae_vaults_back_hallway, v_rooms_6,
          v_misc_8, vaults_mumra_minichess, hangedman_vaults_nails,
          nicolae_vaults_halls_meeting, vaults_mumra_lcd, vaults_room_pool,
          ontoclasm_vaults_tryst, v_rooms_1, hangedman_vaults_slice,
          nicolae_vaults_little_ls, layout_vaults_maze_snakey
Vaults:4: v_misc_24, nicolae_vaults_little_squares_6, v_misc_5, v_misc_8,
          vaults_dpeg_cross, ontoclasm_vaults_ring_square,
          hangedman_vaults_capsules, ontoclasm_vaults_twist, v_misc_27,
          v_misc_12, v_pattern_1, st_more_cells, v_misc_27,
          nicolae_vaults_little_squares_3, layout_vaults_omnicross
Vaults:5
Crypt:1:  layout_gridlike, st_stairs_4, minmay_misc_feat_hallway,
          minmay_strange_pillars, grunt_crypt_arrival_split
Crypt:2:  layout_rooms, grunt_ministairs_6
Crypt:3:  david_glass_crypt, layout_gridlike,
          nicolae_tomb_entry_unfolded_pyramid_diagonal, uniq_boris, uniq_khufu
Depths:1: layout_cave_pools, enter_ziggurat_f, hell_entry, nrook_pool_corridor,
          kennysheep_generic_room_7, uniq_sojobo
Depths:2: evilmike_pillar_path, layout_cave_pools, bh_chokoban,
          serial_hangedman_research, hangedman_research_pyrotechnics,
          hangedman_research_geology, hangedman_research_toxicology,
          hangedman_research_thermodynamics, hangedman_research_metamorphosis,
          hangedman_research_quantum, hangedman_coc_ice_floe
Depths:3: wad_mega_maze, layout_basic, minmay_misc_feat_roman,
          rand_demon_pan_entry_5, hell_entry, serial_bayou_shore_b,
          infiniplex_staircase_hallway_doors, uniq_enchantress, uniq_mara
Depths:4: hangedman_arch_fort, layout_basic, hangedman_abyss_entry_splay,
          hangedman_decor_diamond_cutter, hell_entry
Depths:5: evilmike_zot_entry_diamond, layout_cross, minmay_misc_feat_columns,
          pf_vacation_house_of_asmodeus, grunt_ministairs_5,
          hangedman_abyss_or_decor_lesser_grid, hangedman_abyss_or_decor_clamps,
          corexii_corridor_pit
Zot:1:    layout_basic
Zot:2:    hangedman_orp_of_zott, layout_gridlike, st_small_dragon_hoard_4
Zot:3:    layout_twisted_circle
Zot:4:    layout_misc_corridors, gammafunk_ghost_cemetery,
          hangedman_zot_decor_tridents
Zot:5:    layout_gridlike, st_stairs_4, uniq_tiamat

Skill      XL: |  1  2  3  4  5  6  7  8  9 10 11 12 13 14 15 16 17 18 19 20 21 22 23 24 25 26 27 |
---------------+----------------------------------------------------------------------------------+-----
Stealth        | 1 2 3 4 5 6 8 10 11 12 14 15 17 18 | 18.7
Axes           | 4 5 7 8 10 11 12 13 14 15 17 18 | 18.8
Shields        | 1 2 3 5 6 7 9 12 15 | 15.0
Fighting       | 4 5 6 7 8 9 10 11 12 13 14 15 18 19 21 22 24 25 27 | 27.0
Throwing       | 1 3 5 6 8 9 10 11 12 13 15 16 | 16.0
Armour         | 4 6 8 9 10 11 12 13 14 18 | 18.2
Dodging        | 4 5 6 8 10 15 | 15.8

Action                   |  1- 3 |  4- 6 |  7- 9 | 10-12 | 13-15 | 16-18 | 19-21 | 22-24 | 25-27 || total
-------------------------+-------+-------+-------+-------+-------+-------+-------+-------+-------++-------
Melee: Hand axe          |   101 |    72 |       |   440 |  1374 |  1681 |       |       |       ||  3668
       War axe           |       |    62 |   336 |   547 |       |       |   116 |   621 |  2152 ||  3834
       Broad axe         |       |       |       |    28 |   170 |   516 |  1322 |   575 |   830 ||  3441
       Constrict         |       |       |       |       |   179 |   294 |   211 |   172 |   334 ||  1190
       Headbutt          |       |       |       |       |       |       |       |       |   959 ||   959
Throw: Dart              |       |     9 |     5 |     4 |     2 |    15 |    16 |       |       ||    51
       Stone             |       |       |     8 |    26 |    24 |    69 |       |       |       ||   127
       Javelin           |       |       |       |       |       |     8 |     7 |     2 |     3 ||    20
       Boomerang         |       |       |       |       |       |       |    29 |       |    10 ||    39
Invok: Berserk           |     3 |     2 |     6 |     9 |     4 |       |     1 |     1 |     3 ||    29
       Trog's Hand       |       |     1 |       |       |     4 |     2 |     4 |     2 |     4 ||    17
       Brothers in Arms  |       |       |       |       |     7 |     4 |     2 |       |     2 ||    15
 Abil: Spit Poison       |     1 |     2 |     8 |    12 |     2 |       |       |       |       ||    25
       Evoke Invisibilit |       |       |       |       |     1 |       |       |       |       ||     1
Evoke: Wand              |       |       |     2 |     6 |     5 |       |     2 |       |       ||    15
  Use: Scroll            |       |       |    13 |    10 |    15 |    15 |    10 |     8 |    10 ||    81
       Potion            |       |       |       |     1 |       |     2 |     1 |     1 |    16 ||    21
 Stab: Sleeping          |     1 |       |     7 |    13 |    23 |    21 |    24 |    15 |     2 ||   106
       Distracted        |       |       |       |     1 |     1 |     3 |     3 |     4 |     1 ||    13
       Petrified         |       |       |       |       |    13 |       |       |       |       ||    13
       Invisible         |       |       |       |       |     4 |       |       |       |       ||     4
       Petrifying        |       |       |       |       |     2 |       |       |       |       ||     2
       Confused          |       |       |       |       |       |       |       |       |     3 ||     3
  Eat: Chunk             |     4 |     7 |    15 |    35 |    32 |    34 |    31 |    15 |    30 ||   203
       Ration            |       |       |     1 |     2 |     1 |     2 |     2 |     2 |     5 ||    15
Armor: Animal skin       |    15 |       |       |       |       |       |       |       |       ||    15
       Acid dragon scale |    18 |    31 |       |     9 |       |       |       |       |       ||    58
       Robe              |       |    27 |   110 |   162 |       |       |       |       |       ||   299
       Leather armour    |       |       |       |    30 |       |       |       |       |       ||    30
       Plate armour      |       |       |       |   115 |       |   687 |   338 |   169 |   782 ||  2091
       Ring mail         |       |       |       |    13 |   557 |   747 |   111 |       |       ||  1428
       Chain mail        |       |       |       |       |       |       |   479 |   910 |       ||  1389
       Gold dragon scale |       |       |       |       |       |       |       |       |  1252 ||  1252
Dodge: Dodged            |    61 |    82 |   161 |   274 |   593 |   808 |   427 |   390 |   633 ||  3429
Block: Buckler           |     5 |    40 |    56 |    21 |       |       |       |       |       ||   122
       Shield            |       |       |       |   397 |   778 |  1292 |   773 |   131 |       ||  3371
       Large shield      |       |       |       |       |       |       |       |  1273 |  2966 ||  4239
